 Dungeon Crawl Stone Soup version 0.28.0-43-g3370ac3207 (webtiles) character file.

Game seed: 11922954198518579477

20 Descartes the Grasshopper (level 2, -2/13 HPs)
             Began as a Felid Warper on Mar 2, 2022.
             Slain by a quokka (5 damage)
             ... on level 1 of the Dungeon.
             The game lasted 00:01:00 (1386 turns).

Descartes the Grasshopper (Felid Warper)            Turns: 1386, Time: 00:01:00

Health: -2/13      AC:  1    Str:  7    XL:     2   Next: 58%
Magic:  6/6        EV: 18    Int: 14    God:
Gold:   81         SH:  0    Dex: 15    Spells: 5/5 levels left
                                        Lives:  0   Deaths: 0

rFire   . . .      SeeInvis +     - Unarmed
rCold   . . .      Faith    .   (shield unavailable)
rNeg    . . .      Spirit   .   (armour unavailable)
rPois   .          Reflect  .   (helmet unavailable)
rElec   .          Harm     .   (cloak unavailable)
rCorr   +          Rampage  .   (gloves unavailable)
Will    .....                   (boots unavailable)
Stlth   ++........              (no amulet)
HPRegen 0.04/turn               e - ring of resist corrosion
MPRegen 0.10/turn               (no ring)

@: quick
A: very small, claws 1, fangs 3, see invisible, speed 1, shaggy fur 1, stealthy
paws, no weapons or thrown items, no armour, multi-lived
a: no special abilities


You were on level 1 of the Dungeon.
You visited 1 branch of the dungeon, and saw 1 of its levels.

You collected 81 gold pieces.

Inventory:

Jewellery
 e - a ring of resist corrosion (left paw)
Scrolls
 a - 2 scrolls of blinking
 b - a scroll of teleportation {unknown}
 d - a scroll of vulnerability {unknown}
Potions
 c - a potion of degeneration {unknown}


   Skills:
 - Level 2.0 Fighting
 * Level 3.5 Dodging
 * Level 2.0 Stealth
 * Level 2.3 Unarmed Combat
 - Level 2.0 Spellcasting
 + Level 4.7 Translocations


You had 5 spell levels left.
You didn't know any spells.
Your spell library contained the following spells:

 Spells                   Type           Power      Damage    Failure   Level
 Blink                    Tloc           28%        N/A       5%          2
 Gell's Gravitas          Tloc           14%        N/A       11%         3
 Lesser Beckoning         Tloc           14%        N/A       11%         3
 Teleport Other           Tloc           14%        N/A       11%         3
 Inner Flame              Hex/Fire       1%         N/A       56%         3
 Manifold Assault         Tloc           14%        N/A       67%         5
 Fireball                 Conj/Fire      0%         3d3       100%        5
 Fire Storm               Conj/Fire      0%         6d1       100%        9


Dungeon Overview and Level Annotations

Branches:
Dungeon (1/15)

Altars:


Innate Abilities, Weirdness & Mutations

You have sharp claws.
You have razor-sharp teeth.
You have supernaturally acute eyesight. (SInv)
You cover ground quickly. (Speed+)
You are covered in fur. (AC +1)
Your paws help you pounce on unaware monsters.
You are incapable of wielding weapons or throwing items.
You cannot wear armour.
You gain extra lives every three experience levels.


Message History

The goblin hits you but does no damage. The quokka bites you.
You are too injured to fight recklessly!
You are too injured to fight recklessly!
You are too injured to fight recklessly!
You are too injured to fight recklessly!
You are too injured to fight recklessly!
You are too injured to fight recklessly!
You are too injured to fight recklessly!
You are too injured to fight recklessly!
You are too injured to fight recklessly!
You are too injured to fight recklessly!
You are too injured to fight recklessly!
You are too injured to fight recklessly!
You are too injured to fight recklessly!
You are too injured to fight recklessly!
You are too injured to fight recklessly!
You barely miss the quokka.
The quokka is almost dead.
The quokka closely misses you.
You closely miss the quokka.
The quokka is almost dead.
The quokka closely misses you.
You closely miss the quokka.
The quokka is almost dead.
The quokka barely misses you.
You scratch the quokka but do no damage.
You bite the quokka, but do no damage.
The quokka is almost dead.
The quokka completely misses you. The quokka barely misses you.
You closely miss the quokka. Your bite misses the quokka.
The quokka is severely wounded.
The quokka misses you.
You scratch the quokka but do no damage.
The quokka is severely wounded.
The quokka bites you.
* * * LOW HITPOINT WARNING * * *
You closely miss the quokka.
The quokka is severely wounded.
The quokka bites you.
You die...

########## ### ### #.........
##### #.. ..# #.########
......#.# #.# #####.#####...
......#.# #.# #.............
......#.######.# #.............
............##@# #.............
#..........##r###.............
#..........#.g................
#............>................
#..........#..................
.........####...............###
####.###.# #.....###..###.## #.
#.# #.....# #..# #.# # #.#
#.....# #..# #.#


You could see a quokka and a goblin.

Vanquished Creatures
  2 ball pythons (D:1)
  5 endoplasms (D:1)
  2 jackals (D:1)
  2 quokkas (D:1)
  A bat (D:1)
  4 kobolds (D:1)
  A rat (D:1)
17 creatures vanquished.

Notes
Turn   | Place    | Note
-------+----------+-------------------------------------------
     0 | D:1      | Descartes the Felid Warper began the quest for the Orb.
     0 | D:1      | Reached XP level 1. HP: 9/9 MP: 4/4
   146 | D:1      | Got the Collected Works on the Blaze
   173 | D:1      | Reached skill level 1 in Stealth
   287 | D:1      | Reached XP level 2. HP: 12/13 MP: 6/6
  1386 | D:1      | Slain by a quokka

Illustrated notes

Levels and vault maps discovered:
D:1:      dpeg_arrival_orchard, layout_basic,
          hellmonk_ecumenical_altar_leap_of_faith,
          chequers_serial_rivers_micro_d, serial_bayou_pond_d

Skill      XL: |  1  2 |
---------------+-------+-----
Stealth        | 1 2 |  2.0
Fighting       | |  2.0
Dodging        | |  3.5
Unarmed Combat | |  2.3
Spellcasting   | |  2.0
Translocations | |  4.7

Action                   || total
-------------------------++-------
Melee: Unarmed           ||    68
       Bite              ||     5
       Punch             ||     1
Armor: Skin              ||     7
Dodge: Dodged            ||    64
